 Dungeon Crawl Stone Soup version 0.24-a0-715-g0b739ee41d (webtiles) character file.

Game seed: 3004385838962703869, levelgen mode: deterministic

9 Kairok the Sneak (level 2, -1/15 HPs)
             Began as a Vine Stalker Assassin on Sept 30, 2019.
             Slain by a hobgoblin (3 damage)
             ... on level 1 of the Dungeon.
             The game lasted 00:00:17 (140 turns).

Kairok the Sneak (Vine Stalker Assassin)             Turns: 140, Time: 00:00:18

Health: -1/15      AC:  3    Str: 13    XL:     2   Next: 12%
Magic:  0/3        EV: 12    Int: 11    God:
Gold:   0          SH:  0    Dex: 15    Spells: 1/1 levels left

rFire    . . .     SeeInvis .   a - +2 dagger
rCold    . . .     Gourm    .   (no shield)
rNeg     . . .     Faith    .   b - +0 robe
rPois    .         Spirit   +   (no helmet)
rElec    .         Reflect  .   c - +0 cloak
rCorr    .         Harm     .   (no gloves)
MR       .....                  (no boots)
Stlth    +++.......             (no amulet)
HPRegen  0.05/turn              (no ring)
MPRegen  0.08/turn              (no ring)

@: no status effects
A: fangs 2, magic shield, antimagic bite, no potion heal 3, rot immunity
a: no special abilities


You were on level 1 of the Dungeon.
You were not hungry.

You visited 1 branch of the dungeon, and saw 1 of its levels.

Inventory:

Hand Weapons
 a - a +2 dagger (weapon)
Missiles
 d - 8 poisoned darts (quivered)
 e - 2 curare-tipped darts
Armour
 b - a +0 robe (worn)
 c - a +0 cloak (worn)
Comestibles
 f - a ration


   Skills:
 + Level 1.9 Fighting
 + Level 2.0 Short Blades
 + Level 1.7 Throwing
 + Level 1.0 Dodging
 + Level 5.1 Stealth


You had one spell level left.
You didn't know any spells.
Your spell library was empty.

Dungeon Overview and Level Annotations

Branches:
Dungeon (1/15)

Altars:


Innate Abilities, Weirdness & Mutations

You have extremely sharp teeth.
When hurt, damage is shared between your health and your magic reserves.
Your bite disrupts and absorbs the magic of your enemies.
Potions cannot restore your health.
You are immune to rotting.


Message History

You barely miss the rat.
The rat is severely wounded.
The hobgoblin shouts!
The rat bites you.
* * * LOW HITPOINT WARNING * * *
You closely miss the rat. You bite the rat.
You kill the rat!
You barely miss the hobgoblin. The hobgoblin misses you.
You closely miss the hobgoblin.
You bite the hobgoblin, but do no damage.
The hobgoblin hits you but does no damage.
You hit the hobgoblin but do no damage. You hit the hobgoblin.
Your bite misses the hobgoblin.
The hobgoblin is moderately wounded.
The hobgoblin hits you.
* * * LOW HITPOINT WARNING * * *
You hit the hobgoblin.
The hobgoblin is severely wounded.
The hobgoblin hits you.
You die...

###### .....?######
...........#
...........#######
.................#
.................#
#...g.........#
#...@.........#
#.............# ###########
#######.......#
..........####...##.......#
.............#.#...........
..#........................
.###......#######.........#
..#.......# #.....#####
..........# #.....#


You could see a hobgoblin.

Vanquished Creatures
  2 leopard geckos (D:1)
  A bat (D:1)
  A goblin (D:1)
  2 kobolds (D:1)
  A rat (D:1)
7 creatures vanquished.

Notes
Turn   | Place    | Note
-------+----------+-------------------------------------------
     0 | D:1      | Kairok the Vine Stalker Assassin began the quest for the
                  | Orb.
     0 | D:1      | Reached XP level 1. HP: 11/11 MP: 2/2
    28 | D:1      | Reached skill level 5 in Stealth
   120 | D:1      | Reached skill level 1 in Dodging
   120 | D:1      | Reached XP level 2. HP: 8/15 MP: 3/3
   140 | D:1      | Slain by a hobgoblin

Levels and vault maps discovered:
D:1:      minmay_arrival_five_plusses, layout_basic

Skill      XL: |  1 |
---------------+----+-----
Stealth        | 5 |  5.1
Short Blades   | 2 |  2.0
Dodging        | 1 |  1.0
Fighting       | |  1.9
Throwing       | |  1.7

Action                   || total
-------------------------++-------
Melee: Dagger            ||    27
       Bite              ||     6
 Stab: Sleeping          ||     2
Armor: Robe              ||     2
Dodge: Dodged            ||    13

Table legend:
 A = Non-vault XP
 B = Vault XP
 C = Vault XP percentage of total XP
 D = Non-vault monster count
 E = Vault monster count
 F = Vault count percentage of total count
                 A         B        C        D         E       F
            +---------+---------+-------+---------+---------+-------
      Total |      13 |       0 |   0.0 |       7 |       0 |   0.0
            +---------+---------+-------+---------+---------+-------
        D:1 |      13 |       0 |   0.0 |       7 |       0 |   0.0
            +---------+---------+-------+---------+---------+-------
